 Dungeon Crawl Stone Soup version 0.28.0-43-g3370ac3207 (webtiles) character file.

Game seed: 15580597926774592839

1555 TheDeanity the Chucker (level 8, -7/80 HPs)
             Began as a Troll Fighter on Mar 17, 2022.
             Killed from afar by an acid dragon (29 damage)
             ... with a splash of acid
             ... on level 6 of the Dungeon.
             The game lasted 00:18:11 (5378 turns).

TheDeanity the Chucker (Troll Fighter)              Turns: 5378, Time: 00:18:12

Health: -7/80      AC:  4    Str: 27    XL:     8   Next: 58%
Magic:  7/7        EV:  8    Int:  4    God:
Gold:   95         SH:  7    Dex:  9    Spells: 7/7 levels left

rFire   + . .      SeeInvis .   (no weapon)
rCold   + . .      Faith    .   c - +0 kite shield
rNeg    . . .      Spirit   .   b - +0 robe
rPois   .          Reflect  .   (helmet restricted)
rElec   .          Harm     .   x - scarf {rC+ rF+}
rCorr   .          Rampage  .   (gloves unavailable)
Will    .....                   (boots unavailable)
Stlth   +.........              (no amulet)
HPRegen 1.03/turn               (no ring)
MPRegen 0.10/turn               (no ring)

@: mighty
A: large, unfitting armour, claws 3, regeneration 1, shaggy fur 1, tough skin 1
a: no special abilities


You were on level 6 of the Dungeon.
You visited 1 branch of the dungeon, and saw 6 of its levels.

You collected 193 gold pieces.
You spent 98 gold pieces at shops.

Inventory:

Hand Weapons
 a - a +0 flail
Missiles
 g - 28 stones (quivered)
 l - 9 poisoned darts
 p - a boomerang
 t - 5 curare-tipped darts
Armour
 b - a +0 robe (worn)
 c - a +0 kite shield (worn)
 o - a +2 cloak
 x - a scarf of resistance (worn)
Wands
 q - a wand of iceblast (15)
Scrolls
 f - 2 scrolls of blinking
 h - 2 scrolls of teleportation
 i - a scroll of holy word
 k - a scroll of fear
 r - 2 scrolls of noise
 s - 3 scrolls of fog
 w - a scroll of enchant armour {unknown}
 y - a scroll of silence {unknown}
Potions
 e - a potion of magic
 j - a potion of mutation
 m - 2 potions of flight
 n - 2 potions of curing
 u - 3 potions of heal wounds {unknown}
 v - a potion of berserk rage {unknown}


   Skills:
 + Level 5.1 Fighting
 + Level 5.5 Maces & Flails
 * Level 6.6 Throwing
 - Level 2.4 Dodging
 - Level 2.4 Shields


You had 7 spell levels left.
You didn't know any spells.
Your spell library contained the following spells:

 Spells                   Type           Power      Damage    Failure   Level
 Beastly Appendage        Tmut           0%         N/A       80%         1
 Wereblood                Tmut           0%         N/A       91%         2
 Spider Form              Tmut/Pois      0%         N/A       99%         3
 Tukima's Dance           Hex            0%         N/A       99%         3
 Anguish                  Hex/Necr       0%         N/A       100%        4
 Animate Dead             Necr           0%         N/A       100%        4
 Enfeeble                 Hex            0%         N/A       100%        7
 Haunt                    Necr/Summ      0%         N/A       100%        7
 Infestation              Necr           0%         N/A       100%        8


Dungeon Overview and Level Annotations

Branches:
Dungeon (6/15)
 Temple: D:4-7

Altars:
Xom

Shops:
D:1 ?

Annotations:
D:4 Orc Warrior!


Innate Abilities, Weirdness & Mutations

You are too large for most types of armour.
You have claws for hands.
Your natural rate of healing is unusually fast.
You are covered in fur. (AC +1)
You have tough skin. (AC +1)


Message History

You throw a stone.
The stone barely misses the acid dragon.
Throw: 29 stones
Press: ? - help, Q - select action, (/) - cycle Shift-Dir - straight line, f/p - acid dragon
Aim: an acid dragon (catching its breath, 60% to hit)
You throw a stone.
The stone barely misses the acid dragon.
You barely miss the acid dragon. The acid dragon bites you.
The acid dragon claws you.
You scratch the acid dragon.
The acid dragon is lightly wounded.
The acid dragon spits acid at you. The splash of acid hits you!!
You closely miss the acid dragon.
The acid dragon is lightly wounded.
The acid dragon bites you! The acid dragon claws you.
You scratch the acid dragon.
The acid dragon is moderately wounded.
You block the acid dragon's attack. The acid dragon claws you.
The acid dragon bites you!
The acid dragon claws you but does no damage.
You feel better. The acid dragon spits acid at you.
The splash of acid misses you.
Okay, then.
Okay, then.
Okay, then.
You feel very mighty all of a sudden. The acid dragon bites you.
You block the acid dragon's attack.
You closely miss the acid dragon.
The acid dragon is moderately wounded.
The acid dragon bites you!
* * * LOW HITPOINT WARNING * * *
The acid dragon claws you.
* * * LOW HITPOINT WARNING * * *
You closely miss the acid dragon.
The acid dragon is moderately wounded.
The acid dragon spits acid at you. The splash of acid hits you!!
You die...

#. #.####### #.# #.# # ## ###.#
### #.# # #.. .... ..# #.# #
###.#.##.###.# #.# #
#.#..........#.# #.# #
#....#...##.#.#.# #.#######
................# #........
............#.#@# #..###.##
.........##.#.#D# #..# #.##
#.......##...#(# #..###.##
#.#.............(# #........
................(.(...##.####.#.
#.#..#(........................
#......###....########.####.#.
#....##..###.... #<#.
#.###.#..8#....## #.#.


You could see an acid dragon (catching breath).

Vanquished Creatures
  A yak (D:5)
  Duvessa (D:4)
  An orc warrior (D:5)
  An ice beast (D:6)
  A black bear (D:4)
  4 ogres
  2 phantoms (D:5)
  3 scorpions
  Dowan (D:5)
  A hound (D:6)
  3 bullfrog skeletons (D:5)
  Ijyb (D:5)
  An orc wizard (D:5)
  8 adders
  A shadow imp (D:5)
  An ufetubus (D:6)
  An adder skeleton (D:4)
  3 worms (D:2)
  A dart slug (D:4)
  6 orcs
  5 ball pythons
  3 bats
  8 endoplasms
  3 giant cockroaches
  8 goblins
  5 hobgoblins
  3 jackals (D:2)
  5 quokkas
  2 frilled lizards
  6 kobolds
  2 rats (D:1)
92 creatures vanquished.

Vanquished Creatures (others)
  An ogre (D:5)
  A centaur (D:5)
  A gnoll sergeant (D:5)
  A hound (D:5)
  An adder (D:5)
5 creatures vanquished.

Grand Total: 97 creatures vanquished

Notes
Turn   | Place    | Note
-------+----------+-------------------------------------------
     0 | D:1      | TheDeanity the Troll Fighter began the quest for the Orb.
     0 | D:1      | Reached XP level 1. HP: 22/22 MP: 0/0
    24 | D:1      | Found Sabosant's Magic Scroll Shop.
    96 | D:1      | Reached XP level 2. HP: 29/29 MP: 1/1
   356 | D:1      | Found a faded altar of an unknown god.
   420 | D:1      | Bought a scroll of identify for 28 gold pieces
   633 | D:2      | Reached XP level 3. HP: 36/36 MP: 2/2
   925 | D:2      | Reached skill level 1 in Throwing
  1247 | D:2      | Reached XP level 4. HP: 39/45 MP: 3/3
  2056 | D:3      | Reached skill level 2 in Throwing
  2346 | D:4      | Noticed an ogre
  2379 | D:4      | Killed an ogre
  2380 | D:4      | Reached XP level 5. HP: 23/53 MP: 4/4
  2723 | D:4      | Noticed a black bear
  2733 | D:4      | Killed a black bear
  2734 | D:4      | Reached skill level 3 in Throwing
  2734 | D:4      | Reached XP level 6. HP: 59/61 MP: 5/5
  3456 | D:5      | Entered Level 5 of the Dungeon
  3549 | D:1      | Bought a scroll of identify for 28 gold pieces
  3549 | D:1      | Bought a scroll of noise for 14 gold pieces
  3549 | D:1      | Bought a scroll of fog for 28 gold pieces
  3622 | D:5      | Noticed an orc warrior
  3735 | D:5      | Noticed Ijyb
  3746 | D:5      | Killed Ijyb
  3754 | D:5      | Reached skill level 4 in Throwing
  3924 | D:5      | Reached XP level 7. HP: 52/70 MP: 6/6
  4225 | D:5      | Reached skill level 5 in Throwing
  4260 | D:5      | Noticed a yak
  4308 | D:5      | Killed a yak
  4309 | D:5      | Reached XP level 8. HP: 50/79 MP: 7/7
  4386 | D:5      | Reached skill level 5 in Maces & Flails
  4399 | D:5      | Found a shimmering altar of Xom.
  4466 | D:5      | Noticed Duvessa
  4466 | D:5      | Noticed Dowan
  4587 | D:4      | Killed Duvessa
  4649 | D:5      | Killed Dowan
  4650 | D:5      | Reached skill level 6 in Throwing
  5084 | D:5      | Reached skill level 5 in Fighting
  5378 | D:6      | Killed from afar by an acid dragon

Illustrated notes

Levels and vault maps discovered:
D:1:      lemuel_arrival_broad_hall, layout_rooms, serial_shops, shop,
          hellmonk_ecumenical_altar_heavens_door, glass_columns_a
D:2:      kennysheep_the_goblin_king, layout_basic
D:3:      layout_loops_ring, hangedman_decor_growths
D:4:      black_bear_nest_2, layout_loops_cross, serial_co_window_serial,
          co_window_paths_a, co_window_paths_a, co_window_of_opportunity_a,
          co_window_cross_1, co_window_corner_a, co_window_broadway_b,
          co_window_broadway_c, co_window_unsneaky_path_d, co_window_broadway_b,
          co_window_corner_b, co_window_paths_c, co_window_corner_cb,
          glass_columns_a, glass_columns_a, glass_columns_a, glass_columns_c,
          glass_columns_a
D:5:      nicolae_cairo_tiling_large, layout_rooms, xom_confusion_cloud,
          grunt_tough_drop, uniq_duvessa, uniq_ijyb
D:6:      hellmonk_crumbling_castle, layout_basic,
          minmay_temple_entry_enclosed_plants, uniq_edmund, uniq_menkaure

Skill      XL: |  1  2  3  4  5  6  7  8 |
---------------+-------------------------+-----
Maces & Flails | 2 3 4 5 |  5.5
Throwing       | 1 2 3 4 5 6 |  6.6
Fighting       | 3 4 5 |  5.1
Dodging        | |  2.4
Shields        | |  2.4

Action                   |  1- 3 |  4- 6 |  7- 9 || total
-------------------------+-------+-------+-------++-------
Melee: Unarmed           |    90 |   131 |   177 ||   398
Throw: Stone             |    36 |   126 |    43 ||   205
       Boomerang         |       |     7 |       ||     7
       Dart              |       |     3 |     8 ||    11
  Use: Scroll            |     3 |     7 |       ||    10
       Potion            |       |       |     2 ||     2
 Stab: Sleeping          |       |       |     1 ||     1
Armor: Robe              |    21 |    34 |    36 ||    91
Dodge: Dodged            |    29 |    53 |    60 ||   142
Block: Kite shield       |    33 |    44 |    49 ||   126
